 Dungeon Crawl Stone Soup version 0.24.0-1-gfbc8707 (webtiles) character file.

Game seed: 13544355787103256406, levelgen mode: deterministic

1802 Buxparty the Chopper (level 8, 0/64 HPs)
             Began as a Mummy Gladiator on Jan 3, 2020.
             Was an Initiate of Gozag.
             Slain by a killer bee (7 damage)
             ... on level 7 of the Dungeon.
             The game lasted 00:21:01 (7014 turns).

Buxparty the Chopper (Mummy Gladiator)              Turns: 7014, Time: 00:21:02

Health: 0/64       AC: 11    Str: 20    XL:     8   Next: 83%
Magic:  8/8        EV: 13    Int:  7    God:    Gozag
Gold:   624        SH:  3    Dex: 16    Spells: 7/7 levels left

rFire    x . .     SeeInvis .   a - +1 war axe
rCold    + + .     Gourm    .   p - +0 buckler
rNeg     + + +     Faith    .   o - +1 ring mail {rC+}
rPois    ∞         Spirit   .   v - +1 hat
rElec    .         Reflect  .   (no cloak)
rCorr    +         Harm     .   e - +2 pair of gloves
MR       +....                  i - +0 pair of boots
Stlth    +.........             (no amulet)
HPRegen  0.20/turn              r - ring of resist corrosion
MPRegen  0.11/turn              u - +3 ring of dexterity

@: no status effects
A: no food or potions, fire vulnerability, cold resistance 1, negative energy
resistance 3, torment resistance, unbreathing
a: Potion Petition, Call Merchant, Bribe Branch, Renounce Religion


You were on level 7 of the Dungeon.
You worshipped Gozag.
Gozag was pleased with you.
You were not hungry.

You visited 2 branches of the dungeon, and saw 8 of its levels.

You collected 714 gold pieces.
You paid 90 gold pieces to Gozag.

Inventory:

Hand Weapons
 a - a +1 war axe (weapon)
 q - a cursed +0 rapier
 y - the +10 trident "Liebred" {holy, +Rage Str+5}
   (You found it on level 6 of the Dungeon)

   It has been blessed by the Shining One to cause great damage to the undead
   and demons.
   It affects your strength (+5).
   It lets you go berserk.
Missiles
 d - 2 throwing nets (quivered)
 g - 45 poisoned darts
Armour
 b - a +0 leather armour
 c - a +0 helmet
 e - a +2 pair of gloves (worn)
 i - a +0 pair of boots (worn)
 o - a +1 ring mail of cold resistance (worn)
 p - a +0 buckler (worn)
 v - a +1 hat (worn)
Jewellery
 r - a ring of resist corrosion (left hand)
 u - a +3 ring of dexterity (right hand)
 x - an uncursed ring of magical power
Wands
 t - a wand of flame (24)
 w - a wand of polymorph (8)
 z - a wand of paralysis (11)
Scrolls
 f - 5 scrolls of identify
 h - a scroll of random uselessness {unknown}
 j - 3 scrolls of remove curse
 k - 2 scrolls of noise
 l - 3 scrolls of enchant weapon
 m - 3 scrolls of amnesia {unknown}
 n - a scroll of teleportation {unknown}
 s - a scroll of fog {unknown}


   Skills:
 + Level 6.0 Fighting
 * Level 7.2 Axes
 - Level 1.5 Throwing
 + Level 5.3 Dodging


You had 7 spell levels left.
You didn't know any spells.
Your spell library contained the following spells:

 Spells                   Type           Power        Failure   Level  Hunger
 Confusing Touch          Hex            #.....       80%         1    N/A
 Confuse                  Hex            #.......     99%         3    N/A
 Gell's Gravitas          Tloc           #.........   99%         3    N/A
 Petrify                  Tmut/Erth      #.......     100%        4    N/A
 Metabolic Englaciation   Hex/Ice        #.........   100%        5    N/A
 Yara's Violent Unravell  Hex/Tmut       #.........   100%        5    N/A

Dungeon Overview and Level Annotations

Branches:
Dungeon (7/15)             Temple (1/1) D:5

Altars:
Ashenzari
Cheibriados
Dithmenos
Elyvilon
Gozag
Kikubaaqudgha
Nemelex Xobeh
Okawaru
Qazlal
Ru
Sif Muna
Vehumet
Wu Jian
Xom
Yredelemnul
Zin
The Shining One
Lugonu

Shops:
D:4 :   D:5 !


Innate Abilities, Weirdness & Mutations

You do not eat or drink.
Your flesh is vulnerable to fire.
You are immune to poison.
Your flesh is cold resistant. (rC+)
You are immune to negative energy. (rN+++)
You are immune to unholy pain and torment.
You can survive without breathing.


Message History

Your shield prevents you from hitting the killer bee.
The killer bee is lightly wounded.
You miss the killer bee.
The killer bee stings you but does no damage.
The killer bee barely misses you. The killer bee closely misses you. x2
The killer bee stings you but does no damage.
You miss the killer bee.
The killer bee is lightly wounded.
You hit the killer bee. You block the killer bee's attack.
The killer bee stings you.
* * * LOW HITPOINT WARNING * * *
The killer bee misses you. x2
You completely miss the killer bee.
The killer bee is lightly wounded.
Your shield prevents you from hitting the killer bee.
The killer bee stings you.
* * * LOW HITPOINT WARNING * * *
The killer bee stings you!
You die...
Your body crumbles into a pile of gold.

##....(.####
##..........########.
#####.............$...(..
#............####$####.##
#............##..).$#
#............#.......#
#............#.......#
#....#.))..yy)..._.....
###........@.#.......#.#
#[...)...<.#.......#.#
###....>...##.....#
#........# ##.###
#...............
##.!......### ##.$
##########


You could see 2 killer bees.

Vanquished Creatures
  Menkaure (D:4)
  2 phantoms
  2 ogres
  2 bullfrogs
  2 scorpions
  2 killer bees (D:7)
  A crimson imp (D:6)
  A centaur zombie (D:5)
  3 orc priests
  A bullfrog skeleton (D:4)
  4 hounds
  7 orc wizards
  2 gnoll shamans (D:6)
  2 iguanas
  3 worker ants
  A hound skeleton (D:4)
  4 adders
  13 gnolls
  2 shadow imps
  2 oozes
  An adder zombie (D:6)
  An adder skeleton (D:5)
  2 worms
  4 dart slugs
  6 leopard geckos
  22 orcs
  3 giant cockroaches
  11 hobgoblins
  9 jackals
  3 quokkas
  A ball python (D:1)
  7 bats
  4 frilled lizards
  8 goblins
  A jackal skeleton (D:4)
  5 kobolds
  A leopard gecko skeleton (D:5)
  A quokka zombie (D:5)
  4 rats
151 creatures vanquished.

Notes
Turn   | Place    | Note
-------+----------+-------------------------------------------
     0 | D:1      | Buxparty the Mummy Gladiator began the quest for the Orb.
     0 | D:1      | Reached XP level 1. HP: 16/16 MP: 1/1
    52 | D:1      | Reached XP level 2. HP: 11/22 MP: 2/2
   804 | D:1      | Reached skill level 3 in Axes
   804 | D:1      | Reached XP level 3. HP: 16/28 MP: 3/3
  1400 | D:2      | Reached XP level 4. HP: 34/34 MP: 4/4
  1465 | D:2      | Found a faded altar of an unknown god.
  1678 | D:2      | Found a glowing silver altar of Zin.
  2013 | D:3      | Reached XP level 5. HP: 29/41 MP: 5/5
  2669 | D:4      | Reached skill level 4 in Axes
  2978 | D:4      | Noticed Menkaure
  2990 | D:4      | Killed Menkaure
  2990 | D:4      | Reached XP level 6. HP: 22/48 MP: 6/6
  3197 | D:4      | Found a snail-covered altar of Cheibriados.
  3305 | D:4      | Found an ornate altar of the Wu Jian Council.
  3537 | D:4      | Found Gecsez's Book Boutique.
  3588 | D:3      | HP: 1/48 [ogre/+0 giant spiked club (19)]
  4088 | D:4      | Reached skill level 5 in Axes
  4111 | D:4      | Reached XP level 7. HP: 44/54 MP: 7/7
  4563 | D:4      | Found a shadowy altar of Dithmenos.
  4624 | D:5      | Entered Level 5 of the Dungeon
  4777 | D:5      | Found an ancient bone altar of Kikubaaqudgha.
  4958 | D:5      | Found Anaapill's Distillery.
  4964 | D:5      | Found a staircase to the Ecumenical Temple.
  5016 | Temple   | Entered the Ecumenical Temple
  5039 | Temple   | Became a worshipper of Gozag Ym Sagoz the Greedy
  5447 | D:6      | Reached skill level 5 in Fighting
  5447 | D:6      | Reached skill level 6 in Axes
  5447 | D:6      | Reached XP level 8. HP: 62/62 MP: 8/8
  5531 | D:6      | Found a sparkling altar of Nemelex Xobeh.
  5850 | D:6      | Got a shimmering trident
  5879 | D:6      | Identified the +10 trident "Liebred" {holy, +Rage Str+5}
                  | (You found it on level 6 of the Dungeon)
  5935 | D:6      | Reached skill level 5 in Dodging
  6625 | D:6      | Found a glowing golden altar of the Shining One.
  6927 | D:7      | Reached skill level 7 in Axes
  6940 | D:7      | Found a white marble altar of Elyvilon.
  7014 | D:7      | Slain by a killer bee

Levels and vault maps discovered:
D:1:      lightli_arrival_flooded_house, layout_loops_corners, serial_forest,
          infiniplex_forest_clump_large, infiniplex_forest_clump_tiny,
          infiniplex_forest_join, infiniplex_forest_straight_2,
          infiniplex_forest_lined_2, infiniplex_forest_pool,
          infiniplex_forest_clump_curved, minmay_tromino_v4_b
D:2:      layout_basic, nicolae_overflow_hidden_temple,
          chequers_ecumenical_altar_simple
D:3:      kennysheep_six_static_rooms, layout_basic, first_ration
D:4:      layout_loops_cross, overflow_temple_1_default,
          overflow_temple_1_default, grunt_dithmenos_shadows, serial_shops,
          nicolae_shop_crystal, minmay_statues_item, minmay_misc_feat_tower,
          uniq_menkaure
D:5:      layout_basic, kiku_gazebo_garden_becter,
          minmay_temple_entry_sparse_star, serial_shops, shop_statue
D:6:      layout_layer_cave, nemelex_xobeh_ov_fountains_minmay,
          nicolae_tso_swordbearing_angel
D:7:      layout_rooms, old_standard_altar, lemuel_coloured_pillars_altar,
          grunt_ogre_cave, sigmund_army
Temple:   corrupted_temple

Skill      XL: |  1  2  3  4  5  6  7  8 |
---------------+-------------------------+-----
Axes           | 3 4 5 6 7 |  7.2
Dodging        | 3 4 5 |  5.3
Fighting       | 3 4 5 6 |  6.0
Throwing       | |  1.5

Action                   |  1- 3 |  4- 6 |  7- 9 || total
-------------------------+-------+-------+-------++-------
Melee: War axe           |   121 |   156 |   276 ||   553
Throw: Throwing net      |       |     2 |     3 ||     5
  Use: Scroll            |       |       |     6 ||     6
 Stab: Sleeping          |     1 |       |       ||     1
Armor: Leather armour    |    51 |    14 |       ||    65
       Ring mail         |       |    43 |   120 ||   163
Dodge: Dodged            |    98 |   124 |   228 ||   450
Block: Buckler           |       |       |    47 ||    47
